[Event "Team 45 45 League T58"]
[Site "Internet Chess Club"]
[Date "2013.09.30"]
[Round "6"]
[White "sidbuddha"]
[Black "Pomberito"]
[Result "1-0"]
[WhiteElo "2359"]
[BlackElo "2148"]
[Opening "Ruy Lopez: closed, Chigorin defense"]
[ECO "C97"]
[Time "21:00:31"]
[TimeControl "2700+45"]

1. e4 e5 2. Nf3 Nc6 3. Bb5 a6 4. Ba4 Nf6 5. O-O Be7 6. Re1 b5 7. Bb3 d6 8. c3
O-O 9. h3 Na5 10. Bc2 c5 11. d4 Qc7 12. Nbd2 Rd8 13. b3 cxd4 14. cxd4 exd4 15.
Bb2 Nc6 16. Nxd4 Nxd4 17. Bxd4 Be6 18. Rc1 Qa5 19. Bb1 d5 20. e5 Ne4 21. Nxe4
dxe4 22. Bxe4 Rab8 23. Qd3 g6 24. Re2 Ba3 25. Rc6 Rd7 26. Qe3 Qd8 27. Rxa6 Bf8
28. Bc3 Rd1+ 29. Kh2 Qh4 30. Qg3 Qxg3+ 31. Kxg3 b4 32. Re1 Rbd8 33. Rxd1 Rxd1
34. Bf3 Rd3 35. Be1 Bd5 36. Rb6 Bxf3 37. gxf3 Rd4 38. f4 h5 39. Rb8 Kg7 40. Kf3
Rd3+ 41. Kg2 Rd4 42. Kg3 Be7 43. Rb7 Kf8 44. Kf3 Rd3+ 45. Ke4 Rxh3 46. Bxb4 Bxb4
47. Rxb4 Rh1 48. a4 Ra1 49. f5 h4 50. Rb8+ Kg7 51. f6+ Kh7 52. Rf8 h3 53. Rxf7+
Kh8 54. Rf8+ Kh7 55. f7 h2 56. Rh8+ Kxh8 57. f8=Q+ Kh7 58. Qf7+ Kh8 59. Qf6+ Kg8
60. Qxg6+ {Black resigns} 1-0

[Event "Team 45 45 League T58"]
[Site "Internet Chess Club"]
[Date "2013.09.28"]
[Round "6"]
[White "otherook"]
[Black "RubberDuck"]
[Result "1/2-1/2"]
[WhiteElo "1776"]
[BlackElo "1806"]
[Opening "English opening"]
[ECO "A20"]
[Time "16:03:16"]
[TimeControl "2700+45"]

1. c4 e5 2. g3 Nf6 3. Bg2 Nc6 4. Nc3 Bc5 5. e3 d5 6. cxd5 Nb4 7. d4 exd4 8. exd4
Be7 9. Nge2 Nbxd5 10. O-O O-O 11. Nf4 Nxf4 12. Bxf4 c6 13. d5 cxd5 14. Nxd5 Nxd5
15. Bxd5 Qb6 16. b3 Be6 17. Bxe6 Qxe6 18. Re1 Qf6 19. Be5 Qg5 20. h4 Qg6 21.
Bxg7 Rfd8 22. Qf3 {Game drawn by mutual agreement} 1/2-1/2

[Event "Team 45 45 League T58"]
[Site "Internet Chess Club"]
[Date "2013.09.29"]
[Round "6"]
[White "xt"]
[Black "hondocando"]
[Result "1-0"]
[WhiteElo "1706"]
[BlackElo "1548"]
[Opening "Pirc: classical, h3 system"]
[ECO "B06"]
[Time "12:34:41"]
[TimeControl "2700+45"]

1. e4 g6 2. d4 d6 3. h3 Bg7 4. Nf3 Nf6 5. Nc3 e6 6. Be3 O-O 7. Be2 b6 8. O-O Bb7
9. e5 Ne4 10. Nxe4 Bxe4 11. exd6 cxd6 12. c4 Bb7 13. Qd2 Nd7 14. Rac1 Nf6 15.
Rfd1 Rc8 16. b3 Qe7 17. Bg5 Qc7 18. Bf4 Qe7 19. Qb4 Rfd8 20. Qa3 Ba8 21. Rc2 Qd7
22. c5 Bxf3 23. Bxf3 d5 24. Be2 Ne4 25. Ba6 Ra8 26. c6 Qe8 27. c7 Rdc8 28. Bb7
Bf8 29. Qa6 Bd6 30. Bxc8 Rxc8 31. Bxd6 Nxd6 32. Qxa7 Qb5 33. Rdc1 {Black
resigns} 1-0

[Event "Team 45 45 League T58"]
[Site "Internet Chess Club"]
[Date "2013.09.22"]
[Round "6"]
[White "oldsj"]
[Black "crazyhorses"]
[Result "1-0"]
[WhiteElo "1563"]
[BlackElo "1465"]
[Opening "Sicilian: Najdorf, 7...Be7 main line"]
[ECO "B99"]
[Time "12:00:32"]
[TimeControl "2700+45"]

1. e4 c5 2. Nf3 d6 3. d4 cxd4 4. Nxd4 Nf6 5. Nc3 a6 6. Bg5 e6 7. f4 Be7 8. Qf3
Qc7 9. O-O-O Nbd7 10. g4 b5 11. Bxf6 Bxf6 12. g5 Be7 13. f5 Bxg5+ 14. Kb1 e5 15.
Ne6 fxe6 16. Qh5+ Kf8 17. Qxg5 Nf6 18. Rg1 exf5 19. Rxd6 Qxd6 20. Qxg7+ Ke8 21.
Qxh8+ Kd7 22. Bh3 Kc6 23. Rd1 Qe7 24. Rd8 Kc7 25. Rxc8+ Rxc8 26. Qxf6 Qxf6 27.
Nd5+ Kd6 28. Nxf6 Rf8 29. Nxh7 Rf7 30. Bxf5 Ke7 31. Ng5 Rg7 32. h4 Kf6 33. Kc1
Rg8 34. Kd2 Rh8 35. Nf3 Rd8+ 36. Ke2 Rg8 37. h5 Rg2+ 38. Kd3 Rf2 39. Ne1 Rh2 40.
Bg6 Rh3+ 41. Ke2 Rh2+ 42. Kf3 Rh3+ 43. Kg2 Rh4 44. Nf3 Rg4+ 45. Kh3 Rf4 46. Kg3
Ke6 47. b4 Kf6 48. Bf5 {Black resigns} 1-0

[Event "Team 45 45 League T58"]
[Site "Internet Chess Club"]
[Date "2013.09.28"]
[Round "6"]
[White "mongmong"]
[Black "caglar"]
[Result "1-0"]
[WhiteElo "1630"]
[BlackElo "1548"]
[Opening "Queen's pawn game"]
[ECO "D04"]
[Time "05:03:44"]
[TimeControl "2700+45"]

1. d4 d5 2. Nf3 Nf6 3. e3 Bf5 4. c4 e6 5. Nc3 Be7 6. Qb3 Nc6 7. Nh4 Bg6 8. Nxg6
hxg6 9. a3 Rb8 10. cxd5 exd5 11. Bd2 a6 12. Be2 Qd7 13. Qd1 Bd6 14. h3 Ne7 15.
Bf3 c6 16. Rc1 Nf5 17. Bg4 Nxg4 18. Qxg4 Qe6 19. Na4 Rh4 20. Qe2 Nxd4 21. exd4
Re4 22. Be3 f5 23. O-O f4 24. Rfe1 fxe3 25. fxe3 Qe7 26. Nc5 Bxc5 27. Rxc5 Kd7
28. Qf2 Rf8 29. Qg3 Qf6 30. b4 g5 31. a4 Qf5 32. b5 Qf6 33. bxc6+ bxc6 34. Rb1
Rf4 35. Kh2 Qf5 36. Rb7+ Kc8 37. Rxg7 Rh8 38. exf4 g4 39. Qxg4 Qxg4 40. Rxg4 Rh6
41. f5 Kd7 42. Rg6 Rh5 43. g4 Rh7 44. Rgxc6 {Black resigns} 1-0

[Event "Team 45 45 League T58"]
[Site "Internet Chess Club"]
[Date "2013.10.04"]
[Round "6"]
[White "ticopatzer"]
[Black "Schack"]
[Result "0-1"]
[WhiteElo "1703"]
[BlackElo "1700"]
[Opening "QGD: Tarrasch, Prague variation, Normal position"]
[ECO "D34"]
[Time "18:01:40"]
[TimeControl "2700+45"]

1. d4 d5 2. c4 e6 3. Nc3 c5 4. cxd5 exd5 5. Nf3 Nc6 6. g3 Nf6 7. Bg2 Be7 8. O-O
O-O 9. dxc5 Bxc5 10. Bg5 d4 11. Bxf6 Qxf6 12. Ne4 Qe7 13. Qc2 Bb6 14. Neg5 g6
15. Rfe1 Bf5 16. Qc4 Rac8 17. Nh3 Nb4 18. Qb3 Nc2 19. Nf4 Nxa1 20. Rxa1 Bc2 21.
Qb5 Qc5 22. Qxc5 Bxc5 23. Rc1 Be4 24. Nxd4 Bxg2 25. Nb3 Be4 26. Rxc5 Rxc5 27.
Nxc5 Bc6 28. f3 Rd8 29. h4 Rd1+ 30. Kf2 Rd2 31. Ncd3 Bb5 32. Ke3 Rc2 33. a3 Rc8
34. Nd5 Kg7 35. g4 Bxd3 36. Kxd3 f5 37. gxf5 gxf5 38. b4 Rc1 39. h5 Ra1 40. Ke3
Rxa3+ 41. Kf4 Ra2 42. e3 Rf2 43. Ne7 Kf6 44. Nxf5 Rb2 45. e4 Rxb4 46. Nd6 a5 47.
Ke3 a4 48. Kd3 Ke5 49. Nc4+ Rxc4 50. Kxc4 b5+ 51. Kxb5 a3 {White resigns} 0-1

[Event "Team 45 45 League T58"]
[Site "Internet Chess Club"]
[Date "2013.09.26"]
[Round "6"]
[White "drsigmund1"]
[Black "julesraider"]
[Result "1-0"]
[WhiteElo "1635"]
[BlackElo "1570"]
[Opening "King's Indian: London system"]
[ECO "A48"]
[Time "20:03:38"]
[TimeControl "2700+45"]

1. d4 Nf6 2. Nf3 g6 3. Bf4 Bg7 4. e3 d6 5. h3 O-O 6. Be2 Nfd7 7. c3 e5 8. dxe5
Nxe5 9. Nbd2 Nbc6 10. O-O b6 11. Nd4 Bb7 12. Qa4 a6 13. N2f3 b5 14. Qc2 Nxd4 15.
cxd4 Nxf3+ 16. gxf3 Qd7 17. Kh2 Bc8 18. Rh1 Qxh3+ 19. Kg1 Qd7 20. Qe4 d5 21. Qc2
c6 22. Rc1 Bb7 23. Qd2 Qe7 24. Kg2 g5 25. Bg3 Rae8 26. Rh5 f5 27. f4 gxf4 28.
Bxf4 Rf6 29. Rch1 Rg6+ 30. Kf1 Qe4 31. f3 Qb1+ 32. Kf2 Qxa2 33. Rxh7 Kf7 34. Be5
Rg8 35. Qc2 Qa5 36. Qxf5+ Ke8 37. Qxg6+ Kd8 38. Qd6+ Ke8 39. Qb8+ Kf7 40. Qxb7+
Kg6 41. Qxc6+ Kf7 42. Qd7+ Kg6 43. Qe6+ Kg5 44. Rg1# {Black checkmated} 1-0

[Event "Team 45 45 League T58"]
[Site "Internet Chess Club"]
[Date "2013.09.28"]
[Round "6"]
[White "rayngrant"]
[Black "sdcohle"]
[Result "0-1"]
[WhiteElo "1520"]
[BlackElo "1475"]
[Opening "French: Rubinstein variation"]
[ECO "C10"]
[Time "22:00:50"]
[TimeControl "2700+45"]

1. e4 e6 2. d4 d5 3. Nc3 dxe4 4. Nxe4 Nd7 5. Nf3 Ngf6 6. Bd3 Be7 7. O-O O-O 8.
c3 b6 9. Qc2 Bb7 10. Bg5 h6 11. Nxf6+ Bxf6 12. Bf4 Bxf3 13. gxf3 Bg5 14. Bg3 Qf6
15. Be4 Rac8 16. Kh1 e5 17. Rad1 Bf4 18. Bxf4 Qxf4 19. Rg1 f5 20. Bd5+ Kh8 21.
Rg6 Rf6 22. Rdg1 Rxg6 23. Rxg6 Nf6 24. Bc4 Kh7 25. Rg3 Nh5 26. Rh3 exd4 27. cxd4
Re8 28. Bf7 Re1+ 29. Kg2 Qg5+ 30. Rg3 Nxg3 31. fxg3 Qc1 32. Qxf5+ Kh8 33. Qc8+
Kh7 34. Bg8+ Kg6 35. Qg4+ Kf6 36. f4 Qc2+ 37. Kh3 Qf5 38. Qxf5+ Kxf5 39. b3 a5
40. d5 Re2 41. a4 Re3 42. Be6+ Kf6 43. f5 Rc3 44. Kh4 g6 45. g4 gxf5 46. gxf5
Rd3 47. Kg4 Rd4+ 48. Kf3 Rd3+ 49. Kg4 Rd4+ 50. Kf3 Rd3+ 51. Kg4 Rd4+ 52. Kf3 Kg5
53. h3 h5 54. Kg3 h4+ 55. Kg2 Rd3 56. Kh2 Rg3 57. Bd7 Rxb3 {White resigns} 0-1

[Event "Team 45 45 League T58"]
[Site "Internet Chess Club"]
[Date "2013.09.28"]
[Round "6"]
[White "DouDou"]
[Black "justice02"]
[Result "1-0"]
[WhiteElo "1909"]
[BlackElo "1799"]
[Opening "Caro-Kann: classical variation"]
[ECO "B18"]
[Time "12:35:16"]
[TimeControl "2700+45"]

1. e4 c6 2. d4 d5 3. Nc3 dxe4 4. Nxe4 Bf5 5. Ng3 Bg6 6. Nf3 Nd7 7. Bd3 e6 8. O-O
Qc7 9. Re1 O-O-O 10. Be3 Bb4 11. c3 Be7 12. Qd2 Ngf6 13. Bf4 Bd6 14. Bxd6 Qxd6
15. c4 Bxd3 16. Qxd3 h6 17. Rad1 Qb4 18. a3 Qa5 19. b4 Qc7 20. Rc1 Rhe8 21. Qb3
Kb8 22. a4 Qf4 23. a5 g5 24. h3 g4 25. hxg4 Rg8 26. b5 c5 27. Rcd1 Nxg4 28. Ne2
Qc7 29. a6 b6 30. g3 Ndf6 31. dxc5 Rxd1 32. Rxd1 Qxc5 33. Nfd4 Kc7 34. Qf3 Rb8
35. Nf4 Qxc4 36. Ndxe6+ fxe6 37. Nxe6+ Qxe6 38. Qc3+ {Black resigns} 1-0

[Event "Team 45 45 League T58"]
[Site "Internet Chess Club"]
[Date "2013.09.28"]
[Round "6"]
[White "badmove"]
[Black "hi12980"]
[Result "0-1"]
[WhiteElo "1626"]
[BlackElo "1804"]
[Opening "Réti opening"]
[ECO "A05"]
[Time "17:19:39"]
[TimeControl "2700+45"]

1. Nf3 Nf6 2. b3 g6 3. Bb2 Bg7 4. e4 O-O 5. e5 Ne8 6. g3 d6 7. Bg2 Nc6 8. Qe2
Bg4 9. Qc4 Bxf3 10. Bxf3 Nxe5 11. Bxe5 dxe5 12. Bxb7 Nd6 13. Qd5 e6 14. Qf3 e4
15. Bxe4 Nxe4 16. Qxe4 Bxa1 17. c3 Qd5 18. Qxd5 exd5 19. O-O Bb2 20. Rd1 Rfe8
21. Kf1 Re6 22. Re1 Rae8 23. Rxe6 Rxe6 24. f4 d4 {White resigns} 0-1

[Event "Team 45 45 League T58"]
[Site "Internet Chess Club"]
[Date "2013.09.28"]
[Round "6"]
[White "alvin295"]
[Black "ILRE"]
[Result "0-1"]
[WhiteElo "1314"]
[BlackElo "1548"]
[Opening "French: Tarrasch, open variation"]
[ECO "C07"]
[Time "17:01:05"]
[TimeControl "2700+45"]

1. e4 e6 2. d4 d5 3. Nd2 c5 4. exd5 Qxd5 5. Ngf3 cxd4 6. Bc4 Qd6 7. O-O Nf6 8.
Nb3 Nc6 9. Nbxd4 Nxd4 10. Nxd4 a6 11. Re1 Qc7 12. Bb3 Bd6 13. Nf3 O-O 14. Bg5
Be7 15. c3 b5 16. Rc1 Bb7 17. c4 bxc4 18. Rxc4 Qb8 19. Bf4 Bxf3 20. Qxf3 Bd6 21.
Bxd6 Qxd6 22. Rd1 Qe5 23. Rcd4 Rab8 24. Qd3 g6 25. Qxa6 Qf5 26. Qd6 Ne4 27. Qc6
Qxf2+ 28. Kh1 Nf6 29. Bc4 Qxb2 30. R4d2 Qxd2 31. Rxd2 Rb1+ 32. Bf1 Rxf1# {White
checkmated} 0-1

[Event "Team 45 45 League T58"]
[Site "Internet Chess Club"]
[Date "2013.09.29"]
[Round "6"]
[White "seattleblues"]
[Black "ilovechess"]
[Result "0-1"]
[WhiteElo "1499"]
[BlackElo "1525"]
[Opening "King's Indian: London system"]
[ECO "A48"]
[Time "21:00:30"]
[TimeControl "2700+45"]

1. d4 Nf6 2. Nf3 g6 3. Bf4 Bg7 4. e3 O-O 5. Be2 b6 6. c4 Bb7 7. Nc3 d5 8. Qc2
dxc4 9. Nb5 a6 10. Bxc7 Qd7 11. Bxb8 Raxb8 12. Nc3 b5 13. Ne5 Qd8 14. O-O e6 15.
Rad1 Nd7 16. Ne4 Nxe5 17. dxe5 Qc7 18. f4 Rbd8 19. Bf3 Bxe4 20. Bxe4 Qb6 21. Qe2
Qa5 22. Bb1 Rfe8 23. Qe1 Qb6 24. Be4 Rxd1 {White resigns} 0-1

[Event "Team 45 45 League T58"]
[Site "Internet Chess Club"]
[Date "2013.09.27"]
[Round "6"]
[White "Buford-Julep"]
[Black "Portola"]
[Result "0-1"]
[WhiteElo "1718"]
[BlackElo "1803"]
[Opening "QGD: Orthodox defense, Swiss (Henneberger) variation"]
[ECO "D63"]
[Time "18:01:02"]
[TimeControl "2700+45"]

1. d4 d5 2. c4 e6 3. Nc3 Nf6 4. Bg5 Be7 5. e3 O-O 6. Nf3 Nbd7 7. Rc1 a6 8. a3
dxc4 9. Bxc4 b5 10. Be2 Bb7 11. O-O c5 12. dxc5 Nxc5 13. Nd4 Nd5 14. Bxe7 Qxe7
15. Nxd5 Bxd5 16. b4 Na4 17. Bd3 Nb2 18. Bxh7+ Kxh7 19. Qc2+ f5 20. Qxb2 Qg5 21.
f4 Qh6 22. Nf3 Rf6 23. Ng5+ Kg8 24. Rc7 Qh5 25. Rfc1 Rd8 26. h3 Bc4 27. Qe5 Rg6
28. Re7 Qe2 29. Rd7 Re8 30. Rcd1 Rf6 31. Rxg7+ Kxg7 32. Rd7+ Kg6 33. Rd6 Bd5 34.
Rxd5 Rc8 35. Nxe6 Rc2 36. Nf8+ Kh5 37. g4+ Kh4 38. Qxf6+ Kg3 39. Rd2 Qe1# {White
checkmated} 0-1

[Event "Team 45 45 League T58"]
[Site "Internet Chess Club"]
[Date "2013.09.29"]
[Round "6"]
[White "rubo"]
[Black "LazyPeon"]
[Result "0-1"]
[WhiteElo "1646"]
[BlackElo "1730"]
[Opening "Bird's opening"]
[ECO "A03"]
[Time "16:00:43"]
[TimeControl "2700+45"]

1. f4 d5 2. Nf3 Nf6 3. e3 g6 4. b3 Bg7 5. Bb2 O-O 6. Be2 c5 7. O-O Nc6 8. Ne5
Qc7 9. Qc1 Bf5 10. d3 Rad8 11. Nd2 h5 12. h3 Qc8 13. Kh2 a6 14. a4 Kh7 15. Ndf3
Nd7 16. Ng5+ Kg8 17. Nxc6 Qxc6 18. Bxg7 Kxg7 19. Qb2+ Nf6 20. Bf3 Qc7 21. g3 Qc8
22. Bg2 Rfe8 23. e4 dxe4 24. dxe4 Be6 25. c4 Rd4 26. Rad1 Red8 27. Rxd4 Rxd4 28.
e5 Ne8 29. Re1 Qd7 30. Re2 Kg8 31. Ne4 b6 32. a5 Qd8 33. axb6 Qxb6 34. Qa3 Qb4
35. Ra2 Qe1 36. Ra1 Qe2 37. Ra2 Qe1 38. Ra1 Qe2 39. Ra2 Qe3 40. Nxc5 Rd1 41. Bf1
Rxf1 42. Rg2 Qe1 {White resigns} 0-1

[Event "Team 45 45 League T58"]
[Site "Internet Chess Club"]
[Date "2013.09.26"]
[Round "6"]
[White "g8wrb"]
[Black "SirIvanhoe"]
[Result "1-0"]
[WhiteElo "1417"]
[BlackElo "1491"]
[Opening "Caro-Kann: classical, 6.h4"]
[ECO "B18"]
[Time "16:01:08"]
[TimeControl "2700+45"]

1. e4 c6 2. d4 d5 3. Nc3 dxe4 4. Nxe4 Bf5 5. Ng3 Bg6 6. h4 h6 7. h5 Bh7 8. Nf3
Nd7 9. Bd3 Bxd3 10. Qxd3 e6 11. Bf4 Qa5+ 12. Bd2 Bb4 13. Ne4 Bxd2+ 14. Qxd2 Qc7
15. O-O-O Ngf6 16. Nc3 Nd5 17. Nxd5 cxd5 18. Qb4 Rc8 19. Rd2 Qb6 20. Qa3 Rc6 21.
Kb1 Qa6 22. Rd3 Qxa3 23. Rxa3 a6 24. Ra5 O-O 25. Nd2 Rfc8 26. c3 Nb6 27. g4 Nc4
28. Nxc4 Rxc4 29. f4 Kh7 30. g5 Ra8 31. Rc5 Rxc5 32. dxc5 Rc8 33. b4 a5 34. Kb2
axb4 35. cxb4 Rc6 36. Kc3 b6 37. Kd4 bxc5+ 38. bxc5 Ra6 39. Ra1 Ra4+ 40. Ke5 Rc4
41. Kd6 d4 42. Rd1 Rc2 43. Rxd4 Rxa2 44. c6 hxg5 45. fxg5 f6 46. gxf6 gxf6 47.
Kxe6 Kh6 48. c7 Ra6+ 49. Kd7 Ra7 50. Rd6 Kxh5 51. Rxf6 Kg5 52. Rf1 {Black
resigns} 1-0

[Event "Team 45 45 League T58"]
[Site "Internet Chess Club"]
[Date "2013.09.29"]
[Round "6"]
[White "AVEMARIA"]
[Black "Grenadier"]
[Result "1/2-1/2"]
[WhiteElo "1692"]
[BlackElo "1704"]
[Opening "Caro-Kann: Steinitz variation"]
[ECO "B17"]
[Time "16:01:00"]
[TimeControl "2700+45"]

1. e4 c6 2. d4 d5 3. Nd2 dxe4 4. Nxe4 Nd7 5. Bc4 Ngf6 6. Ng5 e6 7. Qe2 Nb6 8.
N1f3 Nxc4 9. Qxc4 h6 10. Nh3 Qd5 11. Qd3 Qe4+ 12. Qxe4 Nxe4 13. O-O Be7 14. Nd2
Nxd2 15. Bxd2 O-O 16. Rfe1 b6 17. Nf4 Bb7 18. Nd3 Rad8 19. Be3 Bf6 20. Ne5 Bxe5
21. dxe5 Rd7 22. Rad1 Rfd8 23. Rxd7 Rxd7 24. f4 c5 25. Kf2 Kf8 26. g3 Ke8 27. a4
a5 28. g4 Bc6 29. Ra1 Be4 30. c3 Rb7 31. Rc1 Bc6 32. b4 axb4 33. cxb4 Bxa4 34.
bxc5 bxc5 35. Bxc5 Rb2+ 36. Kg3 Rc2 37. Rxc2 Bxc2 38. h4 g6 39. Be3 h5 40. Bc5
Kd7 41. f5 exf5 42. gxh5 gxh5 43. Kf4 Ke6 44. Bd4 Bd1 45. Kg5 Bg4 46. Bb2 Bd1
{Game drawn by mutual agreement} 1/2-1/2

[Event "Team 45 45 League T58"]
[Site "Internet Chess Club"]
[Date "2013.09.25"]
[Round "6"]
[White "GoIrish"]
[Black "Kingofknights"]
[Result "1-0"]
[WhiteElo "1675"]
[BlackElo "1655"]
[Opening "Réti: King's Indian attack"]
[ECO "A08"]
[Time "20:30:30"]
[TimeControl "2700+45"]

1. Nf3 d5 2. g3 c5 3. Bg2 Nc6 4. O-O e5 5. d3 Be6 6. e4 dxe4 7. dxe4 Nf6 8. Nc3
Be7 9. Bg5 h6 10. Bd2 O-O 11. h3 Qd7 12. Kh2 Rfd8 13. Be3 Nd4 14. Nxe5 Qc7 15.
Nd3 c4 16. Bf4 Qa5 17. e5 cxd3 18. exf6 dxc2 19. Qc1 Bd6 20. Be3 Rac8 21. Bxd4
Bxg3+ 22. fxg3 Rxd4 23. fxg7 Bf5 24. Qxh6 f6 25. Qxf6 Rc5 26. Qf8+ {Black
resigns} 1-0

[Event "Team 45 45 League T58"]
[Site "Internet Chess Club"]
[Date "2013.09.29"]
[Round "6"]
[White "whiskeytown"]
[Black "BrerRabbit"]
[Result "0-1"]
[WhiteElo "1604"]
[BlackElo "1532"]
[Opening "Pirc: Ufimtsev-Pytel variation"]
[ECO "B07"]
[Time "19:02:11"]
[TimeControl "2700+45"]

1. e4 d6 2. d4 Nf6 3. Nc3 c6 4. Bd3 e5 5. Nf3 Bg4 6. dxe5 dxe5 7. h3 Bh5 8. g4
Bg6 9. Nxe5 Nbd7 10. Nxg6 hxg6 11. Qe2 Ne5 12. f3 Qc7 13. Be3 Be7 14. O-O-O O-O
15. h4 Rfd8 16. h5 Nxd3+ 17. Rxd3 Rxd3 18. Qxd3 Rd8 19. Qe2 gxh5 20. gxh5 b6 21.
f4 Bb4 22. f5 Qe5 23. h6 Bxc3 24. bxc3 Qxc3 {White resigns} 0-1

[Event "Team 45 45 League T58"]
[Site "Internet Chess Club"]
[Date "2013.09.26"]
[Round "6"]
[White "AlPearson"]
[Black "tightfist"]
[Result "0-1"]
[WhiteElo "1404"]
[BlackElo "1558"]
[Opening "Nimzo-Indian: classical variation"]
[ECO "E32"]
[Time "12:01:09"]
[TimeControl "2700+45"]

1. d4 Nf6 2. c4 e6 3. Nc3 Bb4 4. Qc2 O-O 5. Nf3 b6 6. Bg5 Bb7 7. e3 d6 8. Bd3 h6
9. Bh4 Nbd7 10. O-O Bxc3 11. Qxc3 a5 12. a3 Ba6 13. Rfc1 Rc8 14. b4 axb4 15.
axb4 Bb7 16. Ra7 Rb8 17. Rca1 Qc8 18. Bxf6 Nxf6 19. c5 bxc5 20. bxc5 Bxf3 21.
gxf3 Nd5 22. Qa5 Rb7 23. cxd6 Rxa7 24. Qxa7 cxd6 25. Kg2 Qc3 26. Be4 Nf6 27. Rb1
d5 28. Bxd5 Nxd5 29. e4 Nf4+ 30. Kg3 Ne2+ 31. Kg2 Nxd4 32. Rg1 Qxf3+ 33. Kf1
Qxe4 34. Qc7 Qe2+ 35. Kg2 Qf3+ 36. Kf1 Nf5 37. Qe5 Ra8 38. Qe1 Ra2 39. Rg2 Nh4
40. Rg1 Qd3+ 41. Qe2 Qxe2# {White checkmated} 0-1

[Event "Team 45 45 League T58"]
[Site "Internet Chess Club"]
[Date "2013.09.29"]
[Round "6"]
[White "MeWantCookie"]
[Black "Jack-ONeill"]
[Result "1/2-1/2"]
[WhiteElo "2035"]
[BlackElo "2084"]
[Opening "QGD Slav: 4.e3 Bf5"]
[ECO "D12"]
[Time "14:06:57"]
[TimeControl "2700+45"]

1. d4 d5 2. Nf3 Nf6 3. e3 Bf5 4. c4 c6 5. Nc3 e6 6. Nh4 Bg6 7. Nxg6 hxg6 8. Qb3
Qc7 9. g3 Nbd7 10. Bg2 Be7 11. O-O O-O 12. cxd5 exd5 13. f3 Qb6 {Game drawn by
mutual agreement} 1/2-1/2

[Event "Team 45 45 League T58"]
[Site "Internet Chess Club"]
[Date "2013.10.05"]
[Round "6"]
[White "Ptzz"]
[Black "BigH"]
[Result "1/2-1/2"]
[WhiteElo "2091"]
[BlackElo "2121"]
[Opening "Caro-Kann: exchange, Rubinstein variation"]
[ECO "B13"]
[Time "10:04:43"]
[TimeControl "2700+45"]

1. e4 c6 2. d4 d5 3. exd5 cxd5 4. Bf4 Nc6 5. c3 Nf6 6. Bd3 Bg4 7. Qb3 Qd7 8. Nd2
e6 9. Ngf3 Bxf3 10. Nxf3 a6 11. O-O Be7 12. Ne5 Qc8 13. Rfe1 O-O 14. Nxc6 bxc6
15. Qc2 c5 16. Be5 g6 17. dxc5 Qxc5 18. Qe2 Nd7 19. Bd4 Qd6 20. Rad1 Bf6 21. Be3
Bg7 22. h4 a5 23. h5 Rab8 24. Bb1 a4 25. a3 Rb7 26. Bc1 Rfb8 27. Bc2 Nc5 28. g3
Qc6 29. Qg4 Rxb2 30. Bxb2 Rxb2 31. h6 Bxh6 32. Qh4 Bf8 33. Re2 Ne4 34. Kf1 Nxc3
35. Bxg6 hxg6 36. Rxb2 Nxd1 37. Rb8 Qc5 38. Ke1 Nxf2 39. Qd8 Ne4 40. Kd1 Nxg3
41. Rc8 Qxa3 42. Rc3 Qxc3 43. Qxf8+ Kh7 44. Qh6+ Kg8 45. Qf8+ Kh7 46. Qh6+ Kg8
47. Qf8+ Kh7 {Game drawn by repetition} 1/2-1/2

[Event "Team 45 45 League T58"]
[Site "Internet Chess Club"]
[Date "2013.09.28"]
[Round "6"]
[White "TerryMalloy"]
[Black "Tobiasdelmonte"]
[Result "1-0"]
[WhiteElo "2041"]
[BlackElo "1821"]
[Opening "King's Indian: Andersson variation"]
[ECO "E92"]
[Time "09:09:43"]
[TimeControl "2700+45"]

1. Nf3 Nf6 2. c4 g6 3. Nc3 Bg7 4. e4 d6 5. d4 O-O 6. Be2 e5 7. dxe5 dxe5 8. Qxd8
Rxd8 9. Nd5 Nxd5 10. cxd5 c6 11. Bc4 cxd5 12. Bxd5 Nd7 13. Bg5 Re8 14. O-O-O h6
15. Be3 Nf6 16. b3 Nxd5 17. Rxd5 Be6 18. Rd2 Rac8+ 19. Kb2 b6 20. Rhd1 Bf8 21.
Nxe5 Bg7 22. f4 Bxe5+ 23. fxe5 Bg4 24. Rc1 Rxc1 25. Kxc1 Rxe5 26. Rd8+ Kg7 27.
Bd4 f6 28. Bxe5 fxe5 29. Ra8 {Black resigns} 1-0

[Event "Team 45 45 League T58"]
[Site "Internet Chess Club"]
[Date "2013.09.29"]
[Round "6"]
[White "Holzschlange"]
[Black "Grebochess"]
[Result "1/2-1/2"]
[WhiteElo "1792"]
[BlackElo "1742"]
[Opening "QGD Slav: 3.Nf3"]
[ECO "D11"]
[Time "12:06:34"]
[TimeControl "2700+45"]

1. Nf3 d5 2. d4 c6 3. c4 dxc4 4. Qc2 b5 5. g3 e6 6. Bg2 Nf6 7. a4 Bb7 8. O-O Bb4
9. Bd2 a5 10. Nc3 Bxc3 11. Qxc3 Ne4 12. Qc2 Nxd2 13. Nxd2 Qb6 14. Ne4 {Game
drawn by mutual agreement} 1/2-1/2

[Event "Team 45 45 League T58"]
[Site "Internet Chess Club"]
[Date "2013.09.30"]
[Round "6"]
[White "niceshot"]
[Black "fledermaus"]
[Result "1-0"]
[WhiteElo "2051"]
[BlackElo "1882"]
[Opening "Sicilian: modern Scheveningen, main line"]
[ECO "B83"]
[Time "15:01:32"]
[TimeControl "2700+45"]

1. e4 c5 2. Nf3 e6 3. d4 cxd4 4. Nxd4 Nf6 5. Nc3 d6 6. Be2 Be7 7. O-O O-O 8. Be3
Nc6 9. f4 e5 10. Nb3 a5 11. a4 Be6 12. f5 Bxb3 13. cxb3 Nb4 14. Bc4 Kh8 15. Rc1
Nxe4 16. Nxe4 d5 17. f6 gxf6 18. Qh5 dxe4 19. Bxf7 Bd6 20. Bh6 Nd3 21. Rc2 Nf4
22. Bxf4 exf4 23. Bg6 Qe7 24. Re2 Bc5+ 25. Kh1 Be3 26. g3 Rg8 27. gxf4 Rxg6 28.
Rxe3 Qf7 29. Qf5 Re8 30. Rxe4 Rxe4 31. Qxe4 Qxb3 32. f5 Rg8 33. Qd4 Qe6 34. fxe6
{Black resigns} 1-0

[Event "Team 45 45 League T58"]
[Site "Internet Chess Club"]
[Date "2013.09.29"]
[Round "6"]
[White "SaltofLife"]
[Black "jjimalo"]
[Result "1-0"]
[WhiteElo "1912"]
[BlackElo "1934"]
[Opening "Queen's pawn: Torre attack"]
[ECO "A46"]
[Time "13:32:43"]
[TimeControl "2700+45"]

1. d4 Nf6 2. Nf3 e6 3. Bg5 h6 4. Bh4 d5 5. e3 Be7 6. Nbd2 O-O 7. Bd3 b6 8. Ne5
Bb7 9. O-O c5 10. c3 Nbd7 11. f4 Ne4 12. Bxe7 Qxe7 13. Nxd7 Qxd7 14. Nf3 f6 15.
Nh4 Qf7 16. Kh1 c4 17. Bxe4 dxe4 18. f5 Rfd8 19. fxe6 Qxe6 20. Nf5 Qf7 21. Qg4
Kh7 22. Qf4 g5 23. Qf2 Rf8 24. g4 Rad8 25. Qg3 Bc8 26. Kg2 Bxf5 27. Rxf5 Rd5 28.
Raf1 Rxf5 29. Rxf5 Rd8 30. h4 Kg7 31. h5 a6 32. Rf1 Qd7 33. Kh3 Qd6 34. Qg2 Qe6
35. Rf5 Rd5 36. Rxd5 Qxd5 37. Qg3 Qd7 38. Qb8 f5 39. Qe5+ Kf7 40. gxf5 {Black
resigns} 1-0

[Event "Team 45 45 League T58"]
[Site "Internet Chess Club"]
[Date "2013.09.26"]
[Round "6"]
[White "Agarnez"]
[Black "Deckfuel"]
[Result "1/2-1/2"]
[WhiteElo "1831"]
[BlackElo "1993"]
[Opening "QGD Slav defense"]
[ECO "D10"]
[Time "04:04:08"]
[TimeControl "2700+45"]

1. d4 d5 2. c4 c6 3. Qc2 g6 4. e3 Bg7 5. Nf3 Nf6 6. Nc3 O-O 7. Bd3 Na6 8. a3 c5
9. O-O cxd4 10. exd4 dxc4 11. Bxc4 Bf5 12. Qb3 Qb6 13. Qa2 Nc7 14. Ne5 Qxd4 15.
Nxf7 e6 16. Ng5 Ncd5 17. Nb5 Qb6 18. a4 h6 19. Nf3 Kh7 20. a5 Qc5 21. b4 Qe7 22.
Ba3 Ne4 23. Rac1 Rfd8 24. Bxd5 Rxd5 25. Nc7 Nc3 26. Nxd5 exd5 27. Qd2 Ne2+ 28.
Kh1 Nxc1 29. Rxc1 Be4 30. Qf4 Rf8 31. Rc7 Qd8 32. Qe5 Rg8 33. Nd4 Kh8 34. Rxg7
Rxg7 35. Qxg7+ Kxg7 36. Ne6+ Kf6 37. Nxd8 d4 38. Bb2 Ke7 39. Bxd4 Kxd8 40. Bxa7
Kd7 41. f3 Bd3 42. Kg1 h5 43. Kf2 Kc6 44. Ke3 Bf5 45. Kf4 Kd5 46. Kg5 Ke6 47. b5
Kd5 48. a6 bxa6 49. bxa6 Kc6 50. Be3 Kc7 51. h3 Kb8 52. g4 hxg4 53. hxg4 Bd3 54.
f4 Ka8 55. Kf6 Bc2 56. Bd4 Bd3 {Game drawn by mutual agreement} 1/2-1/2